Map: Lightshade LE

Players

RiSky

  • Race: Zerg Zerg

Raza - Winner!

  • Race: Terran Terran

Event: DreamHack SC2 Masters 2021 Winter

VOD

Have the link to the VOD?

Description

Time

  • Played on: Sept. 30, 2021, 4:24 a.m.
  • Length: 13:15

All games in this series

Show
View Real Time Build Order
Export as new Build Order

RiSky Zerg 

Build Orders: Hatch First 

Get SALT Encoding   

  12  0:00  Drone  
  13  0:12  Overlord  
  13  0:16  Drone  
  14  0:30  Drone x2  
  16  0:48  Hatchery  
  15  0:50  Drone  
  15  0:54  Drone  
  15  0:56  Drone  
  18  1:08  Extractor  
  17  1:13  Spawning Pool  
  17  1:15  Drone  
  17  1:18  Drone  
  18  1:27  Drone  
  19  1:38  Drone  
  20  1:48  Overlord  
  20  2:00  Zergling x4, Queen x2  
  26  2:10  Drone x2  
  28  2:21  Drone x2  
  30  2:31  Hatchery  
  30  2:33  Drone  
  30  2:35  Metabolic Boost  
  30  2:44  Queen  
  30  2:48  Overlord  
  32  2:51  Drone  
  32  2:53  Drone  
  32  2:57  Drone  
  32  2:58  Drone  
  35  3:14  Drone x2  
  35  3:15  Drone x2  
  35  3:16  Drone x2  
  41  3:22  Overlord  
  41  3:26  Drone  
  42  3:33  Queen, Baneling Nest  
  43  3:38  Zergling x2  
  43  3:40  Queen  
  46  3:43  Drone x2  
  46  3:44  Zergling x2  
  46  3:45  Queen  
  51  3:48  Zergling x2  
  51  3:49  Drone  
  51  3:50  Drone  
  51  3:53  Overlord  
  54  3:58  Drone x2  
  54  4:00  Drone  
  56  4:03  Drone  
  57  4:10  Overlord  
  57  4:12  Drone  
  57  4:13  Drone x2  
  57  4:15  Drone x2  
  62  4:18  Drone x2  
  62  4:19  Drone  
  62  4:23  Lair  
  65  4:27  Zergling x2  
  65  4:28  Queen  
  65  4:30  Zergling x4  
  70  4:33  Extractor  
  70  4:36  Zergling x8  
  73  4:41  Zergling x2  
  73  4:43  Baneling  
  73  4:44  Baneling  
  73  4:45  Overlord  
  74  4:47  Overlord  
  74  4:49  Overlord  
  74  4:51  Baneling x2  
  74  4:54  Overlord  
  74  4:58  Baneling, Overlord  
  74  5:04  Queen  
  74  5:06  Zergling x20  
  71  5:16  Zergling x2  
  71  5:17  Queen  
  71  5:19  Zergling x4  
  63  5:30  Queen  
  63  5:33  Zergling x10  
  63  5:34  Overseer  
  70  5:37  Drone  
  70  5:39  Queen  
  70  5:40  Drone, Evolution Chamber  
  70  5:41  Drone  
  74  5:49  Extractor  
  74  5:50  Drone x2  
  74  5:51  Drone  
  74  5:52  Centrifugal Hooks  
  74  5:53  Queen  
  74  5:54  Evolution Chamber  
  77  5:58  Drone  
  77  6:01  Drone  
  77  6:02  Drone x4  
  83  6:08  Overlord  
  83  6:11  Drone  
  83  6:15  Zerg Ground Armor Level 1  
  83  6:16  Overlord  
  84  6:19  Drone x6  
  90  6:29  Zerg Melee Weapons Level 1  
  90  6:30  Hatchery  
  86  6:38  Drone x8  
  90  6:43  Hatchery  
  90  6:46  Drone  
  90  6:47  Drone  
  90  6:48  Drone  
  90  6:51  Pneumatized Carapace  
  92  6:55  Zergling x2  
  92  6:56  Zergling x4  
  92  6:59  Zergling x4  
  97  7:05  Zergling x2  
  97  7:07  Baneling x7  
  98  7:10  Zergling x4  
  98  7:14  Zergling x2  
  101  7:18  Overlord x2  
  101  7:20  Baneling  
  101  7:21  Drone, Overlord  
  101  7:22  Zergling x12  
  108  7:26  Zergling x4  
  108  7:28  Hatchery  
  108  7:32  Zergling x2  
  108  7:34  Queen, Overlord  
  108  7:36  Zergling x2  
  112  7:42  Drone  
  112  7:43  Overlord  
  112  7:45  Drone x2  
  112  7:47  Drone  
  112  7:48  Infestation Pit, Drone  
  112  7:49  Overlord  
  112  7:50  Drone  
  115  7:51  Drone  
  115  7:53  Drone x2  
  115  7:55  Spore Crawler  
  115  7:56  Zergling x6  
  120  8:00  Baneling x9  
  120  8:02  Zergling x2  
  120  8:05  Zergling x4  
  122  8:07  Zergling x4, Spore Crawler, Extractor  
  122  8:08  Extractor  
  122  8:11  Baneling  
  122  8:12  Baneling x8  
  121  8:14  Zergling x4  
  121  8:18  Zergling x10  
  128  8:23  Hatchery  
  126  8:27  Drone  
  126  8:30  Drone x2  
  126  8:32  Drone x2  
  126  8:33  Drone x2  
  133  8:34  Drone  
  133  8:35  Extractor  
  133  8:37  Drone x2  
  133  8:38  Drone  
  133  8:39  Drone  
  137  8:42  Drone  
  137  8:43  Zerg Ground Armor Level 2  
  138  8:49  Zergling x16  
  138  8:50  Hydralisk Den  
  138  8:53  Zergling x4  
  147  8:56  Zergling x2  
  147  8:57  Zergling x2  
  147  8:59  Hive  
  147  9:00  Zergling x2  
  147  9:01  Zergling x2  
  151  9:04  Baneling x4  
  151  9:06  Extractor  
  151  9:07  Zergling x18  
  151  9:09  Extractor  
  156  9:10  Zergling x4  
  156  9:11  Baneling x4  
  156  9:15  Zergling x4  
  155  9:20  Zergling x4  
  155  9:21  Queen x2  
  157  9:27  Zergling x8, Lurker Den  
  155  9:33  Zergling x12  
  155  9:35  Zergling x12  
  166  9:38  Zergling x2  
  166  9:41  Zergling x4  
  166  9:42  Baneling  
  166  9:43  Baneling x13  
  165  9:46  Zergling x8  
  163  9:53  Zergling x8  
  163  9:56  Zergling x2  
  163  9:57  Zergling x4  
  163  9:58  Queen x4  
  172  10:03  Zergling x14  
  172  10:05  Overlord  
  170  10:07  Overlord  
  170  10:09  Overlord  
  170  10:11  Overlord x2  
  166  10:16  Zergling x10  
  166  10:20  Zergling x4  
  161  10:21  Adrenal Glands  
  159  10:29  Zergling x14  
  159  10:33  Zergling x14  
  173  10:36  Seismic Spines  
  171  10:45  Viper x2  
  172  10:50  Viper  
  164  11:00  Zergling x36  
  179  11:06  Zergling x4  
  179  11:11  Zergling x8  
  149  11:14  Hydralisk x2  
  149  11:18  Zergling x8  
  151  11:19  Baneling x20  
  149  11:29  Zergling x16  
  149  11:33  Adaptive Talons  
  149  11:35  Hydralisk x3  
  154  11:46  Hydralisk x6  
  138  11:49  Hydralisk x2  
  138  11:52  Overseer  
  131  11:57  Lurker  
  131  11:58  Zergling x12  
  139  12:01  Lurker  
  132  12:11  Zergling x20  
  132  12:14  Zergling x2  
  136  12:17  Zergling x6  
  125  12:23  Hydralisk  
  125  12:25  Hydralisk  
  115  12:31  Hydralisk x2  
  115  12:32  Hydralisk x2  
  102  12:37  Hydralisk x4  
  99  12:45  Hydralisk  
  99  12:48  Hydralisk  
  99  12:49  Hydralisk  
  105  12:51  Zergling x2  
Show
View Real Time Build Order
Export as new Build Order

Raza Terran - Winner!

Build Orders:  

Get SALT Encoding   

  12  0:00  SCV  
  13  0:12  SCV  
  14  0:17  Supply Depot  
  14  0:24  SCV  
  15  0:38  SCV  
  15  0:40  Barracks  
  16  0:43  Refinery  
  16  0:50  SCV  
  17  1:02  SCV  
  18  1:15  SCV  
  19  1:26  Barracks Reactor  
  19  1:27  Orbital Command  
  19  1:39  Command Center  
  19  1:50  Barracks  
  19  1:53  SCV  
  20  1:59  Supply Depot  
  20  2:03  Marine x2  
  20  2:07  SCV  
  23  2:16  Barracks  
  23  2:21  SCV  
  23  2:22  Marine  
  25  2:24  Marine  
  26  2:33  SCV  
  27  2:40  Barracks Tech Lab  
  27  2:43  Marine x2  
  29  2:46  SCV  
  30  2:58  SCV, Orbital Command  
  31  3:00  Marine  
  32  3:07  Barracks Tech Lab, Stimpack, Marine  
  32  3:10  SCV  
  34  3:13  Marine  
  34  3:18  Supply Depot, Marine  
  36  3:22  SCV  
  36  3:25  SCV  
  36  3:26  Marine x2  
  40  3:33  Combat Shield, Marine  
  41  3:34  SCV  
  41  3:37  SCV  
  43  3:41  Supply Depot  
  43  3:46  SCV  
  44  3:49  Marine x3  
  44  3:50  SCV  
  48  3:58  SCV  
  48  3:59  Supply Depot  
  48  4:02  SCV  
  50  4:06  Marine  
  50  4:07  Marine  
  50  4:08  Marine  
  50  4:09  Marine  
  54  4:11  SCV  
  54  4:12  Factory  
  54  4:14  SCV  
  56  4:23  SCV, Marine  
  58  4:25  Marine  
  58  4:29  Command Center  
  59  4:31  SCV  
  59  4:35  SCV, Refinery  
  59  4:36  Refinery  
  61  4:43  Marine  
  61  4:44  SCV  
  63  4:47  SCV  
  63  4:50  Engineering Bay x2  
  64  4:53  Supply Depot  
  64  4:56  SCV  
  65  5:01  SCV  
  65  5:05  Marine  
  62  5:08  SCV  
  62  5:13  SCV  
  62  5:17  Terran Infantry Weapons Level 1, Terran Infantry Armor Level 1  
  62  5:20  SCV  
  62  5:21  Marine  
  62  5:25  SCV  
  55  5:29  Marine  
  55  5:30  Marine  
  55  5:32  SCV  
  55  5:34  Starport  
  55  5:37  SCV, Marine  
  55  5:38  Refinery  
  55  5:40  Factory Reactor  
  57  5:43  Barracks  
  57  5:44  SCV  
  57  5:45  Orbital Command, Barracks  
  57  5:48  Marine x2  
  61  5:51  SCV  
  61  5:55  Marine  
  61  5:56  SCV  
  63  6:01  Barracks Reactor  
  63  6:03  SCV  
  64  6:08  SCV, Orbital Command  
  65  6:13  Marine  
  65  6:14  Marine x2  
  65  6:15  SCV  
  69  6:20  SCV  
  69  6:21  Medivac x2  
  69  6:22  Barracks  
  74  6:27  SCV, Siege Tank, Barracks x2  
  74  6:31  Supply Depot, Marine  
  79  6:32  SCV  
  79  6:36  Orbital Command  
  79  6:39  SCV  
  71  6:42  Marine x3  
  71  6:43  Barracks Reactor, Armory  
  71  6:44  Marine x2  
  71  6:45  SCV  
  76  6:51  SCV  
  76  6:53  Marine  
  78  6:54  Medivac  
  78  6:57  SCV  
  83  7:02  SCV  
  83  7:04  SCV  
  83  7:05  Siege Tank  
  88  7:09  SCV, Refinery, Marine  
  88  7:10  Supply Depot, Marine  
  88  7:11  Barracks Reactor x2  
  88  7:12  Supply Depot  
  88  7:14  SCV  
  90  7:15  Barracks Reactor x2  
  90  7:17  Marine x2  
  90  7:19  Supply Depot  
  92  7:23  Marine x3  
  92  7:24  Supply Depot  
  92  7:26  Medivac  
  92  7:27  Marine  
  98  7:32  Medivac  
  98  7:33  Marine  
  98  7:35  Marine x2  
  103  7:42  Marine x2  
  102  7:47  Siege Tank, Marine x4  
  109  7:54  Marine x4  
  109  7:55  Marine  
  109  7:56  Marine  
  115  8:00  Terran Infantry Weapons Level 2  
  115  8:05  Supply Depot, Marine x2  
  117  8:07  Marine x2  
  119  8:13  Marine  
  119  8:14  Terran Infantry Armor Level 2  
  119  8:19  Marine  
  120  8:20  Supply Depot  
  120  8:27  Siege Tank, Marine x2  
  123  8:28  Marine x4  
  123  8:30  Marine  
  123  8:34  Bunker, Marine  
  131  8:35  Marine  
  131  8:37  Marine  
  133  8:43  Supply Depot, Marine x3  
  133  8:45  Terran Vehicle Weapons Level 1  
  136  8:49  Liberator  
  136  8:50  Marine  
  136  8:54  Liberator  
  143  8:55  Marine  
  143  9:02  Marine  
  144  9:03  Siege Tank  
  144  9:04  Marine  
  144  9:05  Marine  
  144  9:09  Marine  
  148  9:12  Marine  
  148  9:13  Marine x3  
  148  9:15  Marine x2  
  146  9:28  Marine x3  
  146  9:31  Supply Depot  
  146  9:33  Supply Depot  
  148  9:40  Liberator  
  148  9:43  Bunker  
  148  9:45  Supply Depot  
  149  9:49  Marine x2  
  149  9:50  Marine  
  149  9:52  Liberator  
  148  9:58  Marine x2  
  148  9:59  Marine  
  140  10:05  Marine  
  140  10:06  Marine  
  138  10:10  Marine  
  138  10:11  Marine x5  
  138  10:12  Marine  
  138  10:22  Marine x2  
  138  10:23  Medivac, Marine x3  
  138  10:25  Siege Tank  
  138  10:26  Marine x2  
  148  10:31  Marine  
  148  10:32  Supply Depot, Marine  
  148  10:33  Marine  
  153  10:36  Marine  
  153  10:39  Liberator  
  155  10:43  Marine  
  155  10:48  Marine  
  155  10:50  Marine x2  
  155  10:55  Marine x2  
  158  10:58  Siege Tank  
  158  11:02  Liberator  
  136  11:14  Marine x5  
  138  11:25  Marine x2  
  138  11:30  Liberator, Marine  
  138  11:31  Marine x3  
  138  11:32  Marine x2  
  146  11:34  Siege Tank  
  146  11:36  Marine  
  146  11:37  Marine  
  146  11:38  Marine x2  
  140  11:51  Marine x3  
  140  11:52  Marine  
  134  11:55  Liberator  
  137  12:05  Marine x3  
  137  12:06  Siege Tank  
  139  12:11  Marine  
  139  12:12  Liberator  
  139  12:13  Marine x2  
  142  12:16  Marine x4  
  142  12:18  Marine  
  142  12:19  Marine  
  143  12:25  Marine x2  
  134  12:31  Marine x2  
  134  12:32  Marine  
  134  12:33  Marine  
  134  12:35  Marine x2  
  131  12:40  Marine x3  
  131  12:42  Marine  
  138  12:44  Marine  
  139  12:52  Marine x2  

Tags
 
Add a new tag
Caveats
  • Supply blocks, unpowered buildings, or Contaminate may cause inaccurate times.
  • Supply counts are checked every 10 seconds.